 Dungeon Crawl Stone Soup version 0.25.1-9-gc5326a611f (webtiles) character file.

Game seed: 8109451584828178644

333 Almogavar the Skirmisher (level 6, 0/53 HPs)
             Began as a Draconian Fighter on Sept 23, 2020.
             Slain by Edmund
             ... wielding a +2 flail of protection
              (4 damage)
             ... on level 4 of the Dungeon on Apr 5, 2021.
             The game lasted 00:12:21 (3910 turns).

Almogavar the Skirmisher (Draconian Fighter)        Turns: 3910, Time: 00:12:22

Health: 0/53       AC:  7    Str: 20    XL:     6   Next: 27%
Magic:  6/6        EV: 11    Int:  8    God:
Gold:   95         SH:  9    Dex: 11    Spells: 5/5 levels left

rFire    . . .     SeeInvis .   a - +0 trident
rCold    . . .     Gourm    .   b - +0 kite shield
rNeg     . . .     Faith    .   (armour unavailable)
rPois    .         Spirit   .   (helmet restricted)
rElec    .         Reflect  .   j - +0 cloak
rCorr    .         Harm     .   (no gloves)
MR       .....                  (no boots)
Stlth    ++........             (no amulet)
HPRegen  0.17/turn              (no ring)
MPRegen  0.10/turn              (no ring)

@: no status effects
A: unfitting armour, cold-blooded, AC +6
a: no special abilities


You were on level 4 of the Dungeon.
You were not hungry.

You visited 1 branch of the dungeon, and saw 4 of its levels.
You also visited: Sewer.

You collected 95 gold pieces.

Inventory:

Hand Weapons
 a - a +0 trident (weapon)
Armour
 b - a +0 kite shield (worn)
 j - a +0 cloak (worn)
Scrolls
 i - 2 scrolls of remove curse
 l - a scroll of teleportation
Potions
 c - a potion of might
 e - a potion of brilliance
 f - 2 potions of flight
 g - a potion of mutation
 h - 2 potions of heal wounds {unknown}
Comestibles
 d - 4 rations
 k - 2 chunks of flesh


   Skills:
 + Level 4.4 Fighting
 + Level 3.9 Polearms
 + Level 3.6 Dodging
 + Level 1.2 Stealth
 + Level 4.4 Shields


You had 5 spell levels left.
You didn't know any spells.
Your spell library was empty.

Dungeon Overview and Level Annotations

Branches:
Dungeon (4/15)             Temple (0/1) D:4           Sewer (visited)

Altars:
Cheibriados
Gozag
Ru
Zin

Annotations:
D:4 Edmund


Innate Abilities, Weirdness & Mutations

Your plain brown scales are hard. (AC +6)
You cannot fit into any form of body armour.
You are cold-blooded and may be slowed by cold attacks.


Message History

Edmund misses you. You block Edmund's attack. Edmund barely misses you.
You block Edmund's attack. Edmund barely misses you. You block Edmund's attack.
Edmund hits you with a +2 flail of protection!
Edmund hits you with a +2 flail of protection!
Edmund hits you with a +2 flail of protection!
* * * LOW HITPOINT WARNING * * *
Edmund hits you with a +2 flail of protection.
* * * LOW HITPOINT WARNING * * *
Edmund closely misses you. Edmund completely misses you.
Edmund hits you with a +2 flail of protection!
* * * LOW HITPOINT WARNING * * *
You block Edmund's attack. Edmund closely misses you.
Edmund hits you with a +2 flail of protection.
You die...

##.....#
##......#####
#...........
#...........
...........#
...........#
.......@.#
.......@.#
####...$.#
#.....#
##.....# #.
#.....###...
#.....#...#
##........#
#.......###
##.....###


You could see Edmund.

Vanquished Creatures
  A big kobold (Sewer)
  An orc priest (D:3)
  An iguana (D:4)
  A worker ant (D:3)
  A gnoll (D:1)
  3 adders
  A river rat (Sewer)
  3 oozes
  5 worms
  3 dart slugs
  6 leopard geckos
  4 orcs (D:3)
  10 bats
  10 giant cockroaches
  5 goblins
  11 hobgoblins
  3 jackals
  14 kobolds
  2 quokkas (D:2)
  2 ball pythons
  3 frilled lizards
  9 rats
99 creatures vanquished.

Notes
Turn   | Place    | Note
-------+----------+-------------------------------------------
     0 | D:1      | Almogavar the Draconian Fighter began the quest for the
                  | Orb.
     0 | D:1      | Reached XP level 1. HP: 19/19 MP: 1/1
    77 | D:1      | Reached XP level 2. HP: 25/26 MP: 2/2
   598 | D:1      | Reached XP level 3. HP: 29/33 MP: 3/3
  1609 | D:2      | Reached XP level 4. HP: 40/40 MP: 4/4
  2294 | D:3      | Found a snail-covered altar of Cheibriados.
  2357 | D:3      | Found a glowing drain.
  2395 | Sewer    | Entered a sewer
  2399 | Sewer    | Reached XP level 5. HP: 41/46 MP: 5/5
  2674 | Sewer    | Found a white marble altar of Elyvilon.
  2752 | D:3      | Reached skill level 1 in Stealth
  2789 | D:3      | Found a sacrificial altar of Ru.
  2964 | D:3      | Reached XP level 6. HP: 52/53 MP: 6/6
  3039 | D:3      | Found a glowing silver altar of Zin.
  3041 | D:3      | Noticed an angel
  3389 | D:3      | Found an opulent altar of Gozag.
  3713 | D:3      | Upgraded the game from 0.25.1-2-g60ff931df9 to
                  | 0.25.1-9-gc5326a611f
  3763 | D:4      | Found a staircase to the Ecumenical Temple.
  3878 | D:4      | Noticed Edmund
  3910 | D:4      | Slain by Edmund

Illustrated notes

Levels and vault maps discovered:
D:1:      nicolae_arrival_washed_ashore, layout_basic
D:2:      layout_basic, first_ration
D:3:      layout_basic, cheibriados_altar_1, lemuel_crystal_altar,
          grunt_gozag_breadcrumbs, zin_angel, portal_sewer_entry_f
D:4:      layout_cave_pods, minmay_temple_entry_mini_moons,
          nicolae_ossuary_entry_ruins, kennysheep_generic_room_11, uniq_grinder,
          uniq_ijyb, uniq_edmund

Skill      XL: |  1  2  3  4  5 |
---------------+----------------+-----
Dodging        | 3 |  3.6
Fighting       | 4 |  4.4
Polearms       | 3 |  3.9
Shields        | 4 |  4.4
Stealth        | 1 |  1.2

Action                   |  1- 3 |  4- 6 || total
-------------------------+-------+-------++-------
Melee: Trident           |   109 |   259 ||   368
       Tailslap          |    10 |    26 ||    36
  Use: Scroll            |     4 |     5 ||     9
 Stab: Sleeping          |       |     7 ||     7
  Eat: Chunk             |     2 |     6 ||     8
       Ration            |       |     1 ||     1
Armor: Skin              |    26 |    67 ||    93
Dodge: Dodged            |    35 |   103 ||   138
Block: Kite shield       |    45 |   112 ||   157
